AoeStats
← ĐẠI ĐÔ ĐỐC MẠNH ĐẠT

Arabia

516878506Analyzed
1v1 RM · 7d ago on Oct 28, 2026· 28m 18s· 2 players
Game mode
Random Map
Map size
Tiny (2 player)
Population
200
Speed
Normal
Resources
Standard
Victory
Conquest
Starting age
Dark Age
Ending age
Imperial Age
RankedLock teamsTeams togetherTeam positionsShared explorationLock speedFull tech treeHidden civsTurbo modeCheats
Victory
Defeat
1743
+7
vs
🇲🇽 Khmer · Mexico
1517
-7
Joscame
6:38 Loom
9:05 Feudal Age
9:50 Double-Bit Axe
9:46 Horse Collar
13:04 Town Watch
19:12 Fletching
25:50 Wheelbarrow
28:48 Castle Age
27:24 Scale Barding Armor
28:27 Bloodlines
ĐẠI ĐÔ ĐỐC MẠNH ĐẠT
6:05 Loom
8:50 Feudal Age
9:19 Double-Bit Axe
11:14 Fletching
18:24 Padded Archer Armor
18:25 Horse Collar
20:50 Wheelbarrow
24:36 Castle Age
23:24 Gold Mining
25:27 Bodkin Arrow
27:11 Ballistics
Connection lost

Rejoining the realm…

Still unreachable

The connection could not be restored.

Session expired

The server has moved on; the page needs a fresh start.